 Dungeon Crawl Stone Soup version 0.31-a0-174-g85c54bcb58 (webtiles) character file.

Game seed: 17342206833279676036

470 qw the Chopper (level 7, -19/43 HPs)
             Began as a Gargoyle Fighter on June 15, 2023.
             Demolished by an ogre
             ... wielding a +0 giant spiked club
              (28 damage)
             ... on level 5 of the Dungeon.
             The game lasted 00:01:38 (3679 turns).

qw the Chopper (Gargoyle Fighter)                   Turns: 3679, Time: 00:01:39

Health: -19/43     AC: 13    Str: 21    XL:     7   Next: 9%
Magic:  7/7        EV:  8    Int:  9    God:
Gold:   197        SH:  4    Dex:  9    Spells: 6/6 levels left

rFire   . . .        Y - +0 broad axe (elec)
rCold   . . .        c - +0 buckler
rNeg    + . .        h - +0 chain mail
rPois   inf          (no helmet)
rElec   +            (no cloak)
rCorr   .            (no gloves)
SInv    .            (no boots)
Will    .....        (no amulet) Stlth
                     (no ring)
HPRegen 0.27/turn    (no ring)
MPRegen 0.10/turn

%: no passive effects
@: no status effects
A: sickness immunity, AC +4, negative energy resistance 1, electricity
resistance, torment resistance 1, petrification resistance
a: no special abilities


You were on level 5 of the Dungeon.
You visited 1 branch of the dungeon, and saw 5 of its levels.

You collected 197 gold pieces.


Innate Abilities, Weirdness & Mutations

You are immune to sickness and miasma.
Your stone body is resilient. (AC +4)
You are immune to poison.
You resist negative energy. (rN+)
You are resistant to electric shocks. (rElec)
You are resistant to unholy torment.
You are immune to petrification.


   Skills:
 - Level 4.0 Fighting
 + Level 6.1 Axes
 - Level 1.0 Throwing
 - Level 3.2 Armour
 - Level 1.0 Dodging
 - Level 3.2 Shields


You had 6 spell levels left.
You didn't know any spells.
Your spell library was empty.

Inventory:

Hand Weapons
 e - a +0 flail
 Y - a +0 broad axe of electrocution (weapon)
Missiles
 i - 5 javelins (quivered)
Armour
 c - a +0 buckler (worn)
 h - a +0 chain mail (worn)
Scrolls
 a - a scroll of identify
Potions
 b - a potion of lignification
 d - 2 potions of might
 f - a potion of enlightenment {unknown}
 j - a potion of magic {unknown}
 k - a potion of curing {unknown}
 l - a potion of attraction {unknown}

Dungeon Overview and Level Annotations

Branches:
Dungeon (5/15)
 Temple: D:4-7

Altars:


Message History

The hound barely misses you. The hound bites you but does no damage.
You slash the hound!
The hound is almost dead.
You block the hound's attack. The hound bites you but does no damage.
You slash the hound!
You kill the hound!
You see here a hound corpse.
i - 3 javelins (gained 2)
i - 4 javelins (gained 1)
i - 5 javelins (gained 1)
You open the door.
There is an open door here.
An ufetubus comes into view.
The ufetubus shouts!
You hear a shout!
You hear an angry hiss.
Enter note: You miss the ufetubus.
You block the ufetubus's attack. The ufetubus hits you.
You block the ufetubus's attack. The ufetubus hits you.
You barely miss the ufetubus. You block the ufetubus's attack. x2
The ufetubus hits you but does no damage. x2
You closely miss the ufetubus.
The ufetubus hits you but does no damage. x2
The ufetubus completely misses you. The ufetubus closely misses you.
An ogre comes into view. It is wielding a +0 giant spiked club.
You closely miss the ufetubus.
The ufetubus hits you but does no damage. x4
You closely miss the ufetubus. You block the ufetubus's attack.
The ufetubus barely misses you.
A sleepcap comes into view.
You hit the ogre but do no damage.
The ogre hits you with a +0 giant spiked club!!
Ouch! That really hurt!
You hit the ogre.
The ogre is lightly wounded.
You slice the ogre!!
The ogre is almost dead.
The ogre hits you with a +0 giant spiked club!!
Ouch! That really hurt!
You die...

.#### . .#.. ..
##...# ...
..... .... #...
.....##..######
.....5O........
#@# #.# #.# #.#
#.# #.#####
#.#...# #.##..#
#.....#


You could see an ogre and an ufetubus.

Vanquished Creatures
  A gnoll sergeant (D:4)
  A hound (D:5)
  2 orc priests
  A sleepcap (D:5)
  Ijyb (D:4)
  3 orc wizards
  7 gnolls
  2 adders
  An ufetubus (D:4)
  A worm (D:4)
  2 dart slugs (D:1)
  3 orcs
  10 endoplasms
  4 giant cockroaches
  8 hobgoblins
  11 jackals (D:2)
  6 kobolds
  4 quokkas
  8 ball pythons
  5 bats
  5 frilled lizards
  8 goblins
  4 rats
98 creatures vanquished.

Notes
Turn   | Place    | Note
-------+----------+-------------------------------------------
     0 | D:1      | qw the Gargoyle Fighter began the quest for the Orb.
     0 | D:1      | Reached XP level 1. HP: 14/14 MP: 1/1
     0 | D:1      | 0 ||| qw: Version: 0.2-a-29-g511e9b1
     0 | D:1      | 0 ||| qw: Game counter: 5455
     0 | D:1      | 0 ||| qw: Always use a shield: true
     0 | D:1      | 0 ||| qw: God list: Okawaru
     0 | D:1      | 0 ||| qw: Allow faded altars: false
     0 | D:1      | 0 ||| qw: Do Orc after D:15 true
     0 | D:1      | 0 ||| qw: Do second Lair branch before Depths: true
     0 | D:1      | 0 ||| qw: Lair rune preference: random
     0 | D:1      | 0 ||| qw: Plans: Normal, Zot:1-4, Slime:5, God:TSO, Crypt,
                  | Tomb, Abyss, Pan, Hells, Win
     0 | D:1      | 0 ||| PLANNING D:1-11
    46 | D:1      | Reached skill level 2 in Axes
   293 | D:1      | 293 ||| Stepping ~*~*~tactically~*~*~ (stealth).
   303 | D:1      | Reached XP level 2. HP: 19/19 MP: 2/2
   588 | D:1      | 588 ||| Stepping ~*~*~tactically~*~*~ (hiding).
   593 | D:1      | Reached skill level 3 in Axes
   799 | D:1      | Reached XP level 3. HP: 23/23 MP: 3/3
   878 | D:1      | 878 ||| UPGRADING to +0 chain mail.
   888 | D:1      | 888 ||| DROPPING +0 scale mail.
   889 | D:1      | 889 ||| READING scroll labelled QOANWE OLIN.
   893 | D:1      | 893 ||| READING scroll labelled WOTRU WAUMOPSOID.
   894 | D:1      | 894 ||| READING scroll labelled KAXZYTH IRPHOG.
   895 | D:1      | 895 ||| DRINKING 2 red potions.
   896 | D:1      | 896 ||| DROPPING potion of brilliance.
   935 | D:2      | 935 ||| STAIRDANCE
   969 | D:2      | 969 ||| STAIRDANCE
  1055 | D:2      | 1055 ||| Stepping ~*~*~tactically~*~*~ (stealth).
  1358 | D:2      | 1358 ||| Stepping ~*~*~tactically~*~*~ (stealth).
  1359 | D:2      | 1359 ||| Stepping ~*~*~tactically~*~*~ (stealth).
  1393 | D:2      | Reached XP level 4. HP: 19/28 MP: 4/4
  1450 | D:2      | Reached skill level 4 in Axes
  1673 | D:2      | 1673 ||| READING scroll labelled ZISOIQ AFFATAE.
  1674 | D:2      | 1674 ||| DRINKING 2 puce potions.
  1733 | D:3      | 1733 ||| UPGRADING to +0 broad axe of electrocution.
  1734 | D:3      | 1734 ||| DROPPING +1 war axe.
  1751 | D:3      | Reached XP level 5. HP: 31/32 MP: 5/5
  1838 | D:3      | 1838 ||| Stepping ~*~*~tactically~*~*~ (stealth).
  1890 | D:3      | Reached skill level 5 in Axes
  2122 | D:3      | 2122 ||| Stepping ~*~*~tactically~*~*~ (hiding).
  2136 | D:3      | Reached skill level 1 in Throwing
  2704 | D:3      | 2704 ||| READING 2 scrolls labelled FOJUNE RITU.
  2705 | D:3      | 2705 ||| READING scroll labelled VUETZE WILLIL.
  2764 | D:4      | Noticed Ijyb
  2777 | D:4      | Killed Ijyb
  2778 | D:4      | Reached XP level 6. HP: 28/38 MP: 6/6
  2853 | D:4      | 2853 ||| Stepping ~*~*~tactically~*~*~ (hiding).
  2860 | D:4      | 2860 ||| FLEEEEING.
  2865 | D:4      | 2865 ||| FLEEEEING.
  2866 | D:4      | 2866 ||| FLEEEEING.
  2867 | D:4      | 2867 ||| FLEEEEING.
  2868 | D:4      | 2868 ||| FLEEEEING.
  2869 | D:4      | 2869 ||| FLEEEEING.
  2874 | D:4      | 2874 ||| STAIRDANCE
  2892 | D:3      | 2892 ||| READING scroll labelled COCAKLEANE.
  2893 | D:3      | 2893 ||| READING scroll labelled BEOZUS IMO ORGH.
  2903 | D:4      | 2903 ||| FLEEEEING.
  2904 | D:4      | 2904 ||| STAIRDANCE
  2956 | D:4      | 2956 ||| DROPPING +0 mace.
  3296 | D:4      | HP: 9/38 [gnoll/+0 spear[a gnoll sergeant] (2)]
  3298 | D:4      | Reached skill level 6 in Axes
  3584 | D:4      | 3584 ||| DROPPING ring of wizardry.
  3602 | D:5      | Entered Level 5 of the Dungeon
  3625 | D:5      | Reached skill level 1 in Dodging
  3625 | D:5      | Reached XP level 7. HP: 43/43 MP: 7/7
  3677 | D:5      | HP: 8/43 [ogre/+0 giant spiked club (30)]
  3679 | D:5      | Demolished by an ogre

Levels and vault maps discovered:
D:1:      spicycebolla_arrival_clurvy, layout_basic,
          minmay_misc_feat_more_columns
D:2:      layout_loops_cross
D:3:      layout_basic
D:4:      layout_rooms, palyth_stone_intersect, lightli_minifort, uniq_ijyb
D:5:      layout_basic, minmay_temple_entry_stoned_glass

Skill      XL: |  1  2  3  4  5  6 |
---------------+-------------------+-----
Axes           | 2 3 4 5 6 |  6.1
Throwing       | 1 |  1.0
Fighting       | 4 |  4.0
Dodging        | 1 |  1.0
Armour         | |  3.2
Shields        | |  3.2

Action                     |  1- 3 |  4- 6 |  7- 9 || total
---------------------------+-------+-------+-------++-------
  Melee: War axe           |   103 |    24 |       ||   127
         Broad axe         |       |    93 |    11 ||   104
  Throw: Javelin           |       |    40 |       ||    40
    Use: Scroll            |     3 |     5 |       ||     8
         Potion            |     1 |     1 |       ||     2
 Armour: Scale mail        |    16 |       |       ||    16
         Chain mail        |    41 |    68 |    10 ||   119
  Dodge: Dodged            |    43 |    44 |     4 ||    91
  Block: Buckler           |    18 |    17 |     6 ||    41

Table legend:
 A = Non-vault XP
 B = Vault XP
 C = Vault XP percentage of total XP
 D = Non-vault monster count
 E = Vault monster count
 F = Vault count percentage of total count
                 A         B        C        D         E       F
            +---------+---------+-------+---------+---------+-------
      Total |     491 |     181 |  26.9 |      92 |       6 |   6.1
            +---------+---------+-------+---------+---------+-------
        D:1 |      36 |       0 |   0.0 |      20 |       0 |   0.0
        D:2 |      66 |       0 |   0.0 |      31 |       0 |   0.0
        D:3 |     194 |       0 |   0.0 |      22 |       0 |   0.0
        D:4 |     113 |     181 |  61.6 |      17 |       6 |  26.1
        D:5 |      82 |       0 |   0.0 |       2 |       0 |   0.0
            +---------+---------+-------+---------+---------+-------
